 Dungeon Crawl Stone Soup version 0.21-a0-1-gaf3b9a5 (webtiles) character file.

3640 Monsterracer the Archer (level 9, -1/78 HPs)
             Began as a Centaur Hunter on May 20, 2017.
             Was a Believer of Okawaru.
             Slain by a white ugly thing (14 damage)
             ... on level 7 of the Dungeon.
             The game lasted 00:56:39 (11204 turns).

Monsterracer the Archer (Centaur Hunter)           Turns: 11204, Time: 00:56:39

Health: -1/78      AC:  9    Str: 16    XL:     9   Next: 87%
Magic:  8/9        EV: 10    Int: 13    God:    Okawaru [**....]
Gold:   68         SH:  0    Dex: 12    Spells: 7/8 levels left

rFire    . . .     SeeInvis .   a - +3 halberd
rCold    . . .     Gourm    .   (shield currently unavailable)
rNeg     . . .     Faith    .   n - +2 leather armour "Asosiyshra" {*Contam MR+ Int+3}
rPois    +         Spirit   .   s - +0 helmet
rElec    +         Reflect  .   (no cloak)
rCorr    .         Harm     .   (no gloves)
MR       +....                  (no barding)
Stlth    ++........             (no amulet)
Regen    0.3/turn               b - ring of poison resistance
MPRegen  0.2/turn               (no ring)

@: about to teleport, hasted, very quick
A: hooves 3, thin metallic scales 1, camouflage 1, deformed body, speed 2,
electricity resistance, tough skin 3
a: Heroism, Renounce Religion


You were on level 7 of the Dungeon.
You worshipped Okawaru.
Okawaru was pleased with you.
You were not hungry.

You visited 2 branches of the dungeon, and saw 8 of its levels.
You also visited: Ossuary.

You collected 299 gold pieces.
You spent 231 gold pieces at shops.

Inventory:

Hand Weapons
 a - a +3 halberd (weapon)
 q - a +2 shortbow
Missiles
 d - 106 arrows
Armour
 l - a +0 robe of resistance
 n - the +2 leather armour "Asosiyshra" (worn) {*Contam MR+ Int+3}
   (You bought it in a shop on level 4 of the Dungeon)

   It affects your intelligence (+3).
   It affects your resistance to hostile enchantments.
   It causes magical contamination when unequipped.
 s - a +0 helmet (worn)
Jewellery
 b - a ring of poison resistance (left hand)
Wands
 v - a wand of flame (26/48)
 A - a wand of lightning (9/15)
Scrolls
 e - 11 scrolls of identify
 g - a scroll of amnesia
 h - 4 scrolls of enchant weapon
 o - a scroll of teleportation
 t - a scroll of immolation
 w - a scroll of fear
 y - a scroll of blinking
 B - a scroll of fog
Potions
 i - a potion of resistance
 j - 4 potions of brilliance
 k - 2 potions of mutation
 m - 3 potions of curing
 r - a potion of heal wounds
 u - a potion of haste
 x - 2 potions of agility
Comestibles
 f - 12 bread rations
 p - 3 royal jellies
 z - 2 meat rations


   Skills:
 + Level 6.6 Fighting
 * Level 7.9 Polearms
 * Level 12.5 Bows
 - Level 2.1 Dodging
 - Level 0.4 Stealth
   Level 0.0 Shields
 - Level 0.2 Unarmed Combat


You had 7 spell levels left.
You knew the following spells:

 Your Spells              Type           Power        Failure   Level  Hunger
a - Apportation           Tloc           #.....       36%         1    ##.....


Dungeon Overview and Level Annotations

Branches:
Dungeon (7/15)             Temple (1/1) D:4

Altars:
Ashenzari
Cheibriados
Dithmenos
Elyvilon
Fedhas
Gozag
Hepliaklqana
Kikubaaqudgha
Makhleb
Nemelex Xobeh
Okawaru
Qazlal
Ru
Sif Muna
Trog
Uskayaw
Vehumet
Wu Jian
Xom
Yredelemnul
Zin
The Shining One
Lugonu

Shops:
D:4 [   D:6 *


Innate Abilities, Weirdness & Mutations

You have hooves in place of feet.
Armour fits poorly on your strangely shaped body.
You cover ground very quickly.
You have extremely tough skin. (AC +3)
You are partially covered in thin metallic scales. (AC +2)
Your skin changes colour to match your surroundings (Stealth+).
You are resistant to electric shocks. (rElec)


Message History

The white ugly thing tentacle-slaps you.
The white ugly thing freezes you!
A small abomination comes into view.
As you read the scroll of teleportation, it crumbles to dust.
You feel strangely unstable.
The small abomination hits you but does no damage.
Something hits you but does no damage.
Something hits you but does no damage. x2
You closely miss something. You kick something.
The green ugly thing basks in the mutagenic energy from its kin and changes!
Unknown command.
Okay, then.
Something hits you! The white ugly thing barely misses you.
A small abomination comes into view.
Unknown command.
You feel like a meek peon again. The small abomination hits you!
* * * LOW HITPOINT WARNING * * *
The white ugly thing tentacle-slaps you!
You die...

#.###.############ #.# #.# #.#
#.# #########.###.######
########
#...........)......###....(.##
#.#####...##...###..#..####..#
#.# ##.####..©#.##.#.## ##.#
#.# #...)...###..#...# #.#
#.####...###.#@x{.##.## #.#
#........# #.##uxu.### ##.#
#.#####..# #..###uxx.x. ###..#
#.# #..# #....##x$$$.##...##
#.#####..###.##..#.(_$.#..###
#.......<.......##.:|[.##...##
#.##....####..### .....###..##
#.#)#.#.####.## ###.. ##...
#............# ##.## #.#.


You could see 3 ugly things and 6 small abominations.

Vanquished Creatures
  The ghost of turnburgler the Skirmisher, a novice DsWn of Okawaru (D:7)
  The ghost of Skullcrusher the Skirmisher, an amateur OgBe of Trog (D:4)
  A spriggan (D:7)
  A hungry ghost (D:7)
  Edmund (D:4)
  2 sky beasts
  A water moccasin (D:7)
  A black bear (D:6)
  An ice beast (D:7)
  A centaur (D:6)
  4 ogres
  2 bullfrogs
  A water moccasin skeleton (D:4)
  3 howler monkeys
  3 crimson imps
  2 human zombies (Ossuary)
  2 centaur zombies (Ossuary)
  2 orc priests
  A gnoll shaman (D:5)
  3 hounds
  2 jellies (D:6)
  10 orc wizards
  Terence (D:3)
  3 worker ants
  A big kobold zombie (Ossuary)
  A hound skeleton (D:4)
  3 mummies (Ossuary)
  Robin (D:3)
  2 worker ant zombies
  8 gnolls
  10 adders
  2 river rats (D:3)
  A shadow imp (D:5)
  5 adder zombies
  2 oozes (D:2)
  An adder skeleton (D:4)
  4 worms
  A dart slug (D:3)
  4 leopard geckos
  37 orcs
  3 giant cockroaches
  15 goblins
  16 hobgoblins
  7 jackals
  5 quokkas
  4 ball pythons
  4 bats
  4 frilled lizards
  2 gnoll zombies (Ossuary)
  4 goblin zombies (Ossuary)
  8 hobgoblin zombies (Ossuary)
  A jackal skeleton (D:4)
  4 jackal zombies (Ossuary)
  7 kobolds
  2 kobold zombies (Ossuary)
  2 orc zombies (Ossuary)
  A quokka skeleton (D:4)
  2 quokka zombies (Ossuary)
  10 rats
  2 rat zombies (Ossuary)
236 creatures vanquished.

Vanquished Creatures (others)
  An orc wizard (D:6)
1 creature vanquished.

Grand Total: 237 creatures vanquished

Notes
Turn   | Place    | Note
-------+----------+-------------------------------------------
     0 | D:1      | Monsterracer the Centaur Hunter began the quest for the Orb.
     0 | D:1      | Reached XP level 1. HP: 17/17 MP: 1/1
   194 | D:1      | Reached XP level 2. HP: 24/24 MP: 2/2
   420 | D:1      | Gained mutation: Your skin changes colour to match your surroundings (Stealth+). [potion of mutation]
   420 | D:1      | Gained mutation: You are partially covered in thin metallic scales. (AC +2) [potion of mutation]
   420 | D:1      | Gained mutation: You are resistant to electric shocks. (rElec) [potion of mutation]
   793 | D:1      | Reached skill level 6 in Bows
  1011 | D:2      | Reached XP level 3. HP: 30/30 MP: 3/3
  1306 | D:2      | Reached skill level 1 in Polearms
  1893 | D:2      | Reached XP level 4. HP: 21/37 MP: 4/4
  2364 | D:3      | Noticed Robin
  2405 | D:3      | Killed Robin
  2673 | D:3      | Noticed Terence
  2693 | D:3      | Killed Terence
  2693 | D:3      | Reached XP level 5. HP: 44/45 MP: 5/5
  2713 | D:3      | Reached skill level 7 in Bows
  3780 | D:4      | Noticed Skullcrusher's ghost (amateur OgBe)
  4003 | D:4      | Reached XP level 6. HP: 17/51 MP: 6/6
  4439 | D:4      | Found a staircase to the Ecumenical Temple.
  4439 | D:4      | Found a sand-covered staircase.
  4440 | D:4      | Noticed Edmund
  4449 | Ossuary  | Entered an ossuary
  4750 | Ossuary  | Reached skill level 8 in Bows
  5210 | Ossuary  | Reached XP level 7. HP: 47/59 MP: 7/7
  5374 | D:4      | Killed Edmund
  5905 | Temple   | Entered the Ecumenical Temple
  5922 | Temple   | Became a worshipper of Warmaster Okawaru
  6581 | D:4      | Found Heikeh's Antique Armour Emporium.
  6587 | D:4      | Bought an ichor-stained leather armour for 231 gold pieces
  6598 | D:4      | Identified the +2 leather armour "Asosiyshra" {*Contam MR+ Int+3} (You bought it in a shop on level 4 of the Dungeon)
  6895 | D:4      | Killed Skullcrusher's ghost
  6895 | D:4      | Reached skill level 9 in Bows
  6895 | D:4      | Reached XP level 8. HP: 62/67 MP: 8/8
  7073 | D:5      | Entered Level 5 of the Dungeon
  7096 | D:5      | Learned a level 1 spell: Apportation
  7307 | D:4      | Reached skill level 5 in Polearms
  7532 | D:4      | Reached skill level 10 in Bows
  7807 | D:5      | Reached skill level 5 in Fighting
  8483 | D:6      | Reached * piety under Okawaru
  8767 | D:6      | Reached skill level 11 in Bows
  8962 | D:6      | Found Ogis's General Store.
  9001 | D:6      | Reached XP level 9. HP: 51/74 MP: 9/9
  9227 | D:6      | Found a bloodstained altar of Trog.
  9463 | D:6      | Found a glowing silver altar of Zin.
  9678 | D:7      | Reached ** piety under Okawaru
  9850 | D:7      | Noticed turnburgler's ghost (novice DsWn)
 10640 | D:7      | Reached skill level 12 in Bows
 10756 | D:7      | Killed turnburgler's ghost
 11083 | D:7      | Found a corrupted altar of Lugonu.
 11190 | D:7      | Noticed a white ugly thing
 11191 | D:7      | Noticed a green ugly thing
 11193 | D:7      | Noticed a white ugly thing
 11204 | D:7      | Slain by a white ugly thing

Vault maps used:
D:1:      evilmike_arrival_run_for_it
D:3:      first_bread, portal_sewer_entry_b, uniq_terence, uniq_robin
D:4:      minmay_temple_entry_statues_pillars, serial_shops, nicolae_shop_trees,
          enter_ossuary_1, uniq_edmund
D:6:      zin_statuary, serial_shops, nicolae_shop_stone,
          trog_three_pillars_becter
D:7:      gammafunk_corrupted_shrine, the_bakery, kennysheep_generic_room_8
Temple:   roderic_octagonal_lattice_temple
Ossuary:  minmay_ossuary_two_tombs

Skill      XL: |  1  2  3  4  5  6  7  8  9 |
---------------+----------------------------+-----
Bows           | 6 7 8 9 11 12 | 12.5
Polearms       | 1 2 3 4 6 7 |  7.9
Fighting       | 3 4 5 6 |  6.6
Dodging        | 2 |  2.1
Stealth        | |  0.4
Unarmed Combat | |  0.2

Action                   |  1- 3 |  4- 6 |  7- 9 || total
-------------------------+-------+-------+-------++-------
Melee: Unarmed           |    19 |       |       ||    19
       Spear             |    64 |   361 |   110 ||   535
       Kick              |    14 |    77 |    62 ||   153
       Trident           |       |       |   117 ||   117
       Halberd           |       |       |   160 ||   160
       Shortbow          |       |       |     1 ||     1
 Fire: Shortbow          |    64 |   116 |   181 ||   361
Invok: Heroism           |       |       |     4 ||     4
  Use: Potion            |     7 |     2 |     3 ||    12
       Scroll            |       |     5 |     6 ||    11
 Stab: Sleeping          |     2 |       |     2 ||     4
  Eat: Chunk             |     1 |     9 |    12 ||    22
       Meat ration       |       |       |     1 ||     1
       Fruit             |       |       |     1 ||     1
Armor: Leather armour    |    22 |       |   100 ||   122
       Robe              |     9 |   105 |    14 ||   128
Dodge: Dodged            |    40 |   107 |   129 ||   276
